 Dungeon Crawl Stone Soup version 0.29.0-15-g675c0067aa (webtiles) character file.

Game seed: 2313668150884060717

214 xian the Conjurer (level 5, -1/37 HPs)
             Began as a Vine Stalker Conjurer on Sept 12, 2022.
             Slain by an adder (3 damage)
             ... in a sewer.
             The game lasted 00:07:39 (3441 turns).

xian the Conjurer (Vine Stalker Conjurer)           Turns: 3441, Time: 00:07:39

Health: -1/37      AC:  4    Str:  9    XL:     5   Next: 92%
Magic:  0/11       EV: 11    Int: 20    God:
Gold:   74         SH:  0    Dex: 13    Spells: 4/11 levels left

rFire   . . .      SeeInvis .   m - +0 dagger
rCold   . . .      Faith    .   (no shield)
rNeg    . . .      Spirit   +   f - +0 leather armour
rPois   .          Reflect  .   i - +0 helmet
rElec   .          Harm     .   (no cloak)
rCorr   .          Rampage  .   (no gloves)
Will    .....                   (no boots)
Stlth   ..........              (no amulet)
HPRegen 0.92/turn               (no ring)
MPRegen 0.12/turn               (no ring)

@: berserking, hasted, slow
A: fangs 2, regeneration 1, magic shield, antimagic bite, no potion heal 2
a: no special abilities


You were in a sewer.
You visited 1 branch of the dungeon, and saw 3 of its levels.
You also visited: Sewer.

You collected 74 gold pieces.

Inventory:

Hand Weapons
 m - a +0 dagger (weapon)
Missiles
 c - 6 silver javelins
Armour
 f - a +0 leather armour (worn)
 i - a +0 helmet (worn)
Scrolls
 l - a scroll of teleportation
Potions
 b - a potion of magic
 d - a potion of flight {unknown}
 h - a potion of haste
 k - a potion of attraction {unknown}


   Skills:
 + Level 0.4 Fighting
 + Level 0.1 Armour
 + Level 2.3 Dodging
 + Level 3.2 Stealth
 + Level 3.6 Spellcasting
 + Level 5.4 Conjurations


You had 4 spell levels left.
You knew the following spells:

 Your Spells              Type           Power      Damage    Failure   Level
a - Magic Dart            Conj           100%       1d8       1%          1
b - Searing Ray           Conj           50%        2d6       3%          2
c - Iskenderun's Mystic   Conj/Tloc      14%        2d5       52%         4

Your spell library contained the following spells:

 Spells                   Type           Power      Damage    Failure   Level
 Beastly Appendage        Tmut           6%         N/A       19%         1
 Dazzling Flash           Conj/Hex       28%        N/A       19%         3
 Wereblood                Tmut           3%         N/A       28%         2
 Spider Form              Tmut/Pois      3%         N/A       50%         3
 Fulminant Prism          Conj/Hex       7%         3d7       52%         4


Dungeon Overview and Level Annotations

Branches:
Dungeon (3/15)              Sewer (1/1)

Altars:


Innate Abilities, Weirdness & Mutations

You have extremely sharp teeth.
Your natural rate of healing is unusually fast.
When hurt, damage is shared between your health and your magic reserves.
Your bite disrupts and absorbs the magic of your enemies.
Potions cannot restore your health.


Message History

The adder misses you. The bullfrog hits you.
The searing ray hits the adder.
The adder is severely wounded.
The searing ray hits the giant cockroach.
The giant cockroach is heavily wounded.
The bullfrog completely misses you. The adder bites you.
You are poisoned.
The adder poisons you!
You feel sick. The bullfrog barely misses you. The adder bites you.
You are more poisoned.
The adder poisons you! The bullfrog barely misses you.
The adder closely misses you.
You enter the shallow water.
Moving in this stuff is going to be slow.
You feel sick. The bullfrog hits you.
You feel sick. The bullfrog hits you.
The bullfrog hits you but does no damage.
The adder misses you.
You enter the shallow water.
Moving in this stuff is going to be slow.
You feel sick.
The bullfrog hits you but does no damage.
You feel sick. The adder misses you. The bullfrog closely misses you.
The adder closely misses you. The bullfrog closely misses you.
You feel sick. The adder bites you. The bullfrog hits you.
* * * LOW HITPOINT WARNING * * *
You feel sick.
You are no longer poisoned.
The bullfrog closely misses you. The adder barely misses you.
The bullfrog hits you.
* * * LOW HITPOINT WARNING * * *
The adder barely misses you.
You feel yourself speed up. The bullfrog hits you.
* * * LOW HITPOINT WARNING * * *
The adder closely misses you. The bullfrog hits you.
* * * LOW HITPOINT WARNING * * *
It was a potion of berserk rage.
A red film seems to cover your vision as you go berserk!
You feel yourself moving faster!
You feel mighty! The adder bites you.
You die...

#~~~.###.~~###†~.~#~~#
#~~~##~~~†~~~##†~~#~.##
##~.##~~~~~.~~~##~~##..#
#.~.#.~~..~.~~~~#..~#.∩#
#.~##~~~#####~~~##.~#†.#
#~~#~~~## ##~~.#~†##†##
~~~#.~## ##~~#~~~#†.#
.†##~~# #~†###~#~.#
~.#..##≈≈~~~~≈##@B~#~#~~#
..#~~#≈≈~~~~~~≈#FS∩#.#..#
.~#~~#F≈~..~~.≈#B~~#~#~.#
~~#~†#≈~~$.~~~~#~~##~#.~#
~~#~~#≈~.??.~~.#..#~~#~~#
~~#~†#≈F.:/$~~.#.~#~~#.~#
~.#~~##≈~.)~.~##†.#~~†~~#
~~##~~#≈.~.~~.~.~.#~~~~~#
~.~#~~##≈..~~~~~###~~~.~#


You could see a bullfrog, an adder and 2 giant cockroaches.

Vanquished Creatures
  Terence (D:1)
  10 adders
  A worm (D:2)
  2 dart slugs (D:2)
  2 orcs (D:3)
  8 endoplasms
  10 giant cockroaches
  2 goblins
  4 hobgoblins
  10 quokkas
  17 ball pythons
  6 bats
  7 frilled lizards
  4 kobolds
  5 rats
  A spectral goblin (D:2)
90 creatures vanquished.

Vanquished Creatures (others)
  2 plants (D:2)
2 creatures vanquished.

Grand Total: 92 creatures vanquished

Notes
Turn   | Place    | Note
-------+----------+-------------------------------------------
     0 | D:1      | xian the Vine Stalker Conjurer began the quest for the Orb.
     0 | D:1      | Reached XP level 1. HP: 9/9 MP: 4/4
   594 | D:1      | Reached XP level 2. HP: 13/13 MP: 3/6
   597 | D:1      | Learned a level 2 spell: Searing Ray
  1254 | D:2      | Noticed Terence
  1351 | D:2      | Reached XP level 3. HP: 16/16 MP: 0/7
  1611 | D:1      | Killed Terence
  1861 | D:2      | Gained mutation: Your natural rate of healing is unusually
                  | fast. [Vine Stalker growth]
  1861 | D:2      | Reached XP level 4. HP: 21/21 MP: 6/9
  1866 | D:2      | Learned a level 4 spell: Iskenderun's Mystic Blast
  1888 | D:2      | Reached skill level 5 in Conjurations
  2045 | D:2      | Found a faded altar of an unknown god.
  2494 | D:3      | Found a glowing drain.
  2508 | D:3      | Reached XP level 5. HP: 14/24 MP: 1/10
  2607 | Sewer    | Entered a sewer
  3440 | Sewer    | HP: 1/25 [bullfrog (4)]
  3441 | Sewer    | Slain by an adder

Illustrated notes

Levels and vault maps discovered:
D:1:      lemuel_arrival_funnel, layout_loops_ring
D:2:      layout_rooms, dreamdust_ecumenical_altar_drowned_temple,
          minmay_shallow_snake_nest, uniq_terence
D:3:      layout_loops_ring, gup_sewer_entry_glass, minmay_misc_feat_rows,
          palyth_stone_intersect, minivault_26
Sewer:    sewer_frog_island_02

Skill      XL: |  1  2  3  4 |
---------------+-------------+-----
Conjurations   | 5 |  5.4
Dodging        | 2 |  2.3
Spellcasting   | 3 |  3.6
Stealth        | 3 |  3.2
Fighting       | |  0.4
Armour         | |  0.1

Action                   |  1- 3 |  4- 6 || total
-------------------------+-------+-------++-------
Melee: Dagger            |     2 |     3 ||     5
       Bite              |     2 |     1 ||     3
       Whip              |     1 |       ||     1
       Punch             |     1 |       ||     1
 Cast: Magic Dart        |    42 |    97 ||   139
       Searing Ray       |     5 |     9 ||    14
  Use: Scroll            |     2 |     2 ||     4
       Potion            |       |     2 ||     2
Armor: Robe              |     3 |       ||     3
       Leather armour    |       |     9 ||     9
Dodge: Dodged            |    14 |    36 ||    50
